 Dungeon Crawl Stone Soup version 0.13.2 (webtiles) character file.

2961 Cryoshakespeare the Basher (level 9, -14/93 HPs)
             Began as an Ogre Berserker on Oct 22, 2020.
             Was an Elder of Trog.
             Demolished by an orc warrior
             ... wielding a -1,+1 orcish short sword
              (21 damage)
             ... on Level 7 of the Dungeon.
             The game lasted 00:14:35 (6519 turns).

Cryoshakespeare the Basher (Ogre Berserker)         Turns: 6519, Time: 00:14:36

HP -14/93        AC  4     Str 23      XL: 9   Next: 59%
MP   8/8         EV 10     Int  6      God: Trog [****..]
Gold 364         SH  0     Dex  9      Spells:  0 memorised,  8 levels left

Res.Fire  : . . .   See Invis. : .   w - +0 giant club
Res.Cold  : . . .   Warding    : .   F - +0 animal skin (curse)
Life Prot.: . . .   Conserve   : .   (shield restricted)
Res.Poison: .       Res.Corr.  : +   (helmet restricted)
Res.Elec. : .       Clarity    : .   l - +0 cloak
Sust.Abil.: . .     Spirit.Shd : .   (gloves unavailable)
Res.Mut.  : .       Stasis     : .   (boots unavailable)
Res.Rott. : .       Flight     : .   r - amulet of resist corrosion
Saprovore : + . .                    (no ring)
                                     A - ring "Smeghac" {Hunger- Str-4 Acc+3}

@: exhausted, slowed, very slow, somewhat resistant to hostile enchantments,
very unstealthy
A: unfitting armour, fast metabolism 1, saprovore 1, tough skin 1
a: Burn Spellbooks, Berserk, Trog's Hand, Brothers in Arms, Renounce Religion


You were on level 7 of the Dungeon.
You worshipped Trog.
Trog was greatly pleased with you.
You were near starving.

You visited 1 branch of the dungeon, and saw 7 of its levels.

You collected 344 gold pieces.

Inventory:

Hand weapons
 w - a +0,+0 giant club (weapon)
Armour
 l - a +0 cloak (worn)
 F - a cursed +0 animal skin (worn)
Magical devices
 b - a wand of draining (3) {unknown}
 C - a wand of digging (15) {unknown}
 D - a wand of cold (1)
Comestibles
 c - 2 meat rations
 g - 2 apples
 j - 3 bread rations
 H - a choko
Scrolls
 d - 4 scrolls of teleportation
 e - 2 scrolls of remove curse {unknown}
 i - 4 scrolls of identify
 k - a scroll of enchant armour {unknown}
 n - 2 scrolls of random uselessness {unknown}
 p - a scroll of fog {unknown}
 s - a scroll of fear {unknown}
 t - a scroll of enchant weapon III {unknown}
 u - 2 scrolls of enchant weapon I {unknown}
 v - a scroll of enchant weapon II {unknown}
 y - 2 scrolls of recharging {unknown}
Jewellery
 r - an amulet of resist corrosion (around neck)
 A - the ring "Smeghac" (left hand) {Hunger- Str-4 Acc+3}
   (You found it on level 5 of the Dungeon)

   [ring of sustenance]

   It affects your strength (-4).
   It affects your accuracy (+3).
Potions
 a - a potion of confusion {unknown}
 f - a potion of might {unknown}
 h - 3 potions of curing {unknown}
 m - 3 potions of paralysis {unknown}
 o - 2 potions of poison {unknown}
 q - a potion of brilliance {unknown}
 x - a potion of flight {unknown}
 z - a potion of heal wounds {unknown}
 B - a potion of mutation {unknown}
 E - a potion of beneficial mutation {unknown}


   Skills:
 + Level 9.0 Fighting
 + Level 14.3 Maces & Flails
 - Level 2.9 Dodging


You had 8 spell levels left.
You didn't know any spells.

Dungeon Overview and Level Annotations

Branches:
Dungeon (7/27)             Temple (0/1) D:4             Orc (0/4) D:7

Altars:
Nemelex Xobeh
Beogh

Portals:
Ziggurat: D:6 (3680 gp)


Innate Abilities, Weirdness & Mutations

You are too large for most types of armour.
You have a fast metabolism.
You can tolerate rotten meat.
You have tough skin (AC +1).


Message History

Things that are here:
an orcish hand axe; a glowing orcish battleaxe; an orcish plate armour an orc corpse You are too berserk!
You feel a strong urge to attack something.
You are no longer berserk.
Trog's vigour flows through your veins.
You are exhausted.
You feel yourself slow down.
You are near starving!
You hit the orc warrior but do no damage.
The orc warrior is almost dead.
The orc warrior hits you but does no damage.
The orc warrior hits you from afar with an orcish glaive!
You closely miss the orc warrior.
The orc warrior is almost dead.
The orc warrior hits you with an orcish short sword!
The orc warrior hits you from afar with an orcish glaive!
* * * LOW HITPOINT WARNING * * *
The orc warrior hits you with an orcish short sword!
You die...

.# #.... .# . #.... .#
_.> ..... .# .... #.#.#
.#o.... #.#.#
###o8oo⌠..# #.#.#
#.ooooo...####...#
#o#o8.o...#.......
#@#.#.o...#.......
#.#.#######.......
#.####...[....#### #.#
#........#
######.####........#
#..................#
#..........###...###
#..........###...######
#..................[...


You could see 2 orc warriors and an orc.

Vanquished Creatures
  The ghost of Morbidden the Insei, an average DrMo of Okawaru (D:5)
  The ghost of terminal the Charmwright, an average HuSk (D:3)
  A steam dragon (D:7)
  A hippogriff (D:7)
  2 ice beasts
  4 orc warriors (D:7)
  A centaur (D:7)
  2 ogres
  3 giant frogs (D:6)
  A yak skeleton (D:7)
  A giant frog zombie (D:6)
  4 crimson imps
  2 goliath beetles (D:6)
  An orc priest (D:7)
  A jelly (D:6)
  2 hounds (D:5)
  A quasit (D:6)
  2 iguanas (D:6)
  4 orc wizards
  A scorpion (D:7)
  5 worker ants
  10 adders
  4 gnolls (D:5)
  2 giant mites
  4 giant geckos
  An ooze (D:3)
  27 orcs
  2 giant cockroaches
  13 hobgoblins
  9 jackals
  6 kobolds
  2 quokkas (D:5)
  A ball python (D:3)
  9 bats
  A giant cockroach zombie (D:5)
  A giant gecko zombie (D:6)
  7 giant newts
  3 goblins
  15 rats
  A rat skeleton (D:6)
  A rat zombie (D:3)
160 creatures vanquished.

Notes
Turn   | Place    | Note
--------------------------------------------------------------
     0 | D:1      | Cryoshakespeare, the Ogre Berserker, began the quest for the Orb.
     0 | D:1      | Reached XP level 1. HP: 23/23 MP: 0/0
   214 | D:1      | Reached XP level 2. HP: 26/32 MP: 1/1
   287 | D:1      | Reached skill level 5 in Maces & Flails
   475 | D:2      | Reached XP level 3. HP: 39/39 MP: 2/2
   601 | D:2      | Acquired Trog's second power
   736 | D:2      | Reached skill level 6 in Maces & Flails
   832 | D:2      | Reached XP level 4. HP: 46/48 MP: 3/3
  1453 | D:3      | Noticed terminal's ghost (average HuSk)
  1467 | D:3      | Killed terminal's ghost
  1467 | D:3      | Reached skill level 8 in Maces & Flails
  1467 | D:3      | Reached XP level 5. HP: 54/54 MP: 4/4
  1467 | D:3      | Reached XP level 6. HP: 63/63 MP: 5/5
  1544 | D:3      | Reached skill level 9 in Maces & Flails
  2812 | D:4      | Reached skill level 10 in Maces & Flails
  2812 | D:4      | Reached XP level 7. HP: 33/70 MP: 6/6
  3032 | D:4      | Found a staircase to the Ecumenical Temple.
  3522 | D:5      | Entered Level 5 of the Dungeon
  3653 | D:5      | Reached skill level 5 in Fighting
  3924 | D:5      | Got a vibrating turquoise ring
  3937 | D:5      | Identified the ring "Smeghac" {Hunger- Str-4 Acc+3} (You found it on level 5 of the Dungeon)
  4057 | D:5      | Noticed Morbidden's ghost (average DrMo)
  4064 | D:5      | Killed Morbidden's ghost
  4064 | D:5      | Reached skill level 11 in Maces & Flails
  4064 | D:5      | Reached XP level 8. HP: 57/81 MP: 7/7
  4750 | D:6      | Reached skill level 12 in Maces & Flails
  5010 | D:6      | Noticed an angel
  5011 | D:6      | Found a gateway to a ziggurat.
  5306 | D:6      | Acquired Trog's third power
  5326 | D:6      | Reached skill level 13 in Maces & Flails
  5326 | D:6      | Reached XP level 9. HP: 59/91 MP: 8/8
  5602 | D:7      | Found a sparkling altar of Nemelex Xobeh.
  6192 | D:7      | Reached skill level 14 in Maces & Flails
  6496 | D:7      | Found a roughly hewn altar of Beogh.
  6497 | D:7      | Found a staircase to the Orcish Mines.
  6519 | D:7      | Demolished by an orc warrior

Action                   |  1- 3 |  4- 6 |  7- 9 || total
-------------------------+-------+-------+-------++-------
Melee: Mace              |    67 |   110 |       ||   177
       Flail             |       |    24 |       ||    24
       Giant club        |       |       |   281 ||   281
Invok: Berserk           |     2 |     4 |     2 ||     8
       Burn Spellbooks   |       |       |     2 ||     2
Evoke: Wand              |       |       |     1 ||     1
  Use: Scroll            |       |       |     2 ||     2
